 Dungeon Crawl Stone Soup version 0.31-a0-152-g6aa68a64a1 (webtiles) character file.

Game seed: 771455949839757277

54 qw the Chopper (level 3, 0/23 HPs)
             Began as a Gargoyle Fighter on June 10, 2023.
             Slain by an endoplasm (1 damage)
             ... on level 2 of the Dungeon.
             The game lasted 00:00:24 (823 turns).

qw the Chopper (Gargoyle Fighter)                    Turns: 823, Time: 00:00:24

Health: 0/23       AC: 12    Str: 21    XL:     3   Next: 91%
Magic:  3/3        EV:  7    Int:  8    God:
Gold:   32         SH:  4    Dex:  9    Spells: 2/2 levels left

rFire   . . .        Y - +0 war axe
rCold   . . .        c - +0 buckler
rNeg    + . .        e - +0 chain mail
rPois   inf          (no helmet)
rElec   +            (no cloak)
rCorr   .            (no gloves)
SInv    .            (no boots)
Will    .....        (no amulet) Stlth
                     (no ring)
HPRegen 0.23/turn    (no ring)
MPRegen 0.08/turn

%: no passive effects
@: slowed, very slow
A: sickness immunity, AC +3, negative energy resistance 1, electricity
resistance, torment resistance 1, petrification resistance
a: no special abilities


You were on level 2 of the Dungeon.
You visited 1 branch of the dungeon, and saw 2 of its levels.

You collected 32 gold pieces.


Innate Abilities, Weirdness & Mutations

You are immune to sickness and miasma.
Your stone body is resilient. (AC +3)
You are immune to poison.
You resist negative energy. (rN+)
You are resistant to electric shocks. (rElec)
You are resistant to unholy torment.
You are immune to petrification.


   Skills:
 - Level 3.2 Fighting
 + Level 3.7 Axes
 - Level 3.2 Armour
 - Level 3.2 Shields


You had 2 spell levels left.
You didn't know any spells.
Your spell library was empty.

Inventory:

Hand Weapons
 n - a +0 whip
 Y - a +0 war axe (weapon)
Armour
 c - a +0 buckler (worn)
 e - a +0 chain mail (worn)
Jewellery
 l - a ring of fire
Scrolls
 k - a scroll of identify
Potions
 d - a potion of might
 f - a potion of heal wounds {unknown}
 g - a potion of cancellation {unknown}
 i - a potion of curing
 m - a potion of degeneration {unknown}

Dungeon Overview and Level Annotations

Branches:
Dungeon (2/15)

Altars:

Annotations:
D:2 Natasha


Message History

Natasha, Servant of Life and Death comes into view.
Natasha hisses angrily.
You hit the dart slug.
The dart slug is heavily wounded.
Natasha stares at you and mumbles some strange words.
You feel yourself slow down.
The dart slug bites you but does no damage.
You hit the dart slug.
The dart slug is almost dead.
You block the dart slug's attack. The endoplasm barely misses you.
You slash the dart slug!
You kill the dart slug!
You hit the endoplasm but do no damage. You block the endoplasm's attack.
The endoplasm freezes you.
You are frozen.
You slash Natasha!
Natasha is heavily wounded.
You barely miss the endoplasm. Natasha barely misses you.
The endoplasm hits you but does no damage.
You block Natasha's attack.
The endoplasm hits you but does no damage.
You closely miss Natasha.
Natasha is heavily wounded.
You barely miss the endoplasm. Natasha claws you. The endoplasm freezes you.
You are frozen.
Natasha stares at you and mumbles some strange words.
The magic dart hits you. The endoplasm freezes you.
You are frozen.
You hit Natasha.
Natasha is heavily wounded.
You hit the endoplasm.
Natasha howls an incantation.
Natasha glows brightly for a moment.
Natasha claws you. The endoplasm hits you.
You die...

#.# ..#.# #.#
#.#.## ##. #)##
#.#..## ##...
#..#
#.#...##.....
##.#
#...........#
#.###............
#................
#####.....h......
##...@J.....#
##........##
#.........#
#..##....... #.##
#!..... #. ......
.. .####. ### ..


You could see Natasha and an endoplasm.

Vanquished Creatures
  Jessica (D:2)
  3 dart slugs
  2 ball pythons (D:1)
  An endoplasm (D:1)
  2 goblins (D:1)
  2 hobgoblins (D:1)
  4 kobolds
  2 quokkas (D:1)
  3 bats (D:1)
20 creatures vanquished.

Notes
Turn   | Place    | Note
-------+----------+-------------------------------------------
     0 | D:1      | qw the Gargoyle Fighter began the quest for the Orb.
     0 | D:1      | Reached XP level 1. HP: 14/14 MP: 1/1
     0 | D:1      | 0 ||| qw: Version: 0.2-a-29-gd901d54
     0 | D:1      | 0 ||| qw: Game counter: 4006
     0 | D:1      | 0 ||| qw: Always use a shield: true
     0 | D:1      | 0 ||| qw: God list: Okawaru
     0 | D:1      | 0 ||| qw: Allow faded altars: false
     0 | D:1      | 0 ||| qw: Do Orc after D:15 true
     0 | D:1      | 0 ||| qw: Do second Lair branch before Depths: true
     0 | D:1      | 0 ||| qw: Lair rune preference: random
     0 | D:1      | 0 ||| qw: Plans: Normal, Zot:1-4, Slime:5, God:TSO, Crypt,
                  | Tomb, Abyss, Pan, Hells, Win
     0 | D:1      | 0 ||| PLANNING D:1-11
   138 | D:1      | Reached XP level 2. HP: 19/19 MP: 2/2
   219 | D:1      | 219 ||| Stepping ~*~*~tactically~*~*~ (stealth).
   222 | D:1      | 222 ||| Stepping ~*~*~tactically~*~*~ (hiding).
   318 | D:1      | Reached skill level 3 in Axes
   595 | D:1      | Reached XP level 3. HP: 23/23 MP: 3/3
   598 | D:1      | 598 ||| DROPPING +0 club.
   762 | D:1      | 762 ||| UPGRADING to +0 chain mail.
   772 | D:1      | 772 ||| DROPPING +0 scale mail.
   773 | D:1      | 773 ||| READING scroll labelled EKKOW LIGAEKA.
   774 | D:1      | 774 ||| READING 2 scrolls labelled KUOKKIKHIR.
   775 | D:1      | 775 ||| DRINKING 2 black potions.
   788 | D:2      | Noticed Jessica
   802 | D:2      | Killed Jessica
   817 | D:2      | Noticed Natasha
   822 | D:2      | HP: 4/23 [frozen (5)]
   823 | D:2      | HP: 1/23 [Natasha (3)]
   823 | D:2      | Slain by an endoplasm

Levels and vault maps discovered:
D:1:      minmay_arrival_wavy_path, layout_basic, minmay_pentomino_x2
D:2:      layout_rooms, basic_altar, uniq_natasha, uniq_jessica

Skill      XL: |  1  2 |
---------------+-------+-----
Axes           | 2 3 |  3.7
Fighting       | |  3.2
Armour         | |  3.2
Shields        | |  3.2

Action                     || total
---------------------------++-------
  Melee: War axe           ||    65
    Use: Scroll            ||     2
         Potion            ||     1
 Armour: Scale mail        ||    22
         Chain mail        ||     5
  Dodge: Dodged            ||    22
  Block: Buckler           ||    14

Table legend:
 A = Non-vault XP
 B = Vault XP
 C = Vault XP percentage of total XP
 D = Non-vault monster count
 E = Vault monster count
 F = Vault count percentage of total count
                 A         B        C        D         E       F
            +---------+---------+-------+---------+---------+-------
      Total |      38 |      40 |  51.3 |      17 |       3 |  15.0
            +---------+---------+-------+---------+---------+-------
        D:1 |      31 |       3 |   8.8 |      14 |       2 |  12.5
        D:2 |       7 |      37 |  84.1 |       3 |       1 |  25.0
            +---------+---------+-------+---------+---------+-------
